 Dungeon Crawl Stone Soup version 0.31.0-11-ge490571c62 (webtiles) character file.

Game seed: 13624270330482179422

63 qw the Shooter (level 3, -2/20 HPs)
             Began as a Deep Elf Hunter on Feb 4, 2024.
             Succumbed to Sigmund's poison
             ... on level 2 of the Dungeon.
             The game lasted 00:00:03 (869 turns).

qw the Shooter (Deep Elf Hunter)                     Turns: 869, Time: 00:00:04

Health: -2/20      AC:  5    Str: 10    XL:     3   Next: 89%
Magic:  5/5        EV: 11    Int: 13    God:
Gold:   106        SH:  0    Dex: 18    Spells: 2/2 levels left

rFire   . . .        a - +0 shortbow
rCold   . . .        (shield currently unavailable)
rNeg    . . .        e - +0 ring mail
rPois   .            (no helmet)
rElec   .            (no cloak)
rCorr   .            (no gloves)
SInv    .            (no boots)
Will    .....        (no amulet)
Stlth   +            (no ring)
HPRegen 0.23/turn    (no ring)
MPRegen 0.09/turn

%: no passive effects
@: lethally poisoned (-2 -> -16)
A: no striking features
a: no special abilities


You were on level 2 of the Dungeon.
You visited 1 branch of the dungeon, and saw 2 of its levels.

You collected 106 gold pieces.


   Skills:
 - Level 1.5 Fighting
 + Level 7.3 Ranged Weapons
 - Level 2.4 Dodging
 - Level 1.2 Stealth


You had 2 spell levels left.
You didn't know any spells.
Your spell library was empty.

Inventory:

Hand Weapons
 a - a +0 shortbow (weapon)
Armour
 e - a +0 ring mail (worn)
Wands
 b - a wand of flame (5)
Potions
 h - a potion of curing {unknown}

Dungeon Overview and Level Annotations

Branches:
Dungeon (2/15)

Altars:

Annotations:
D:2 Sigmund


Message History

The puff of flame hits you.
844 ||| FLEEEEING.
You see here an adder corpse.
You start resting.
Sigmund is nearby!
846 ||| FLEEEEING.
Sigmund casts a spell at you. The magic dart hits you.
847 ||| FLEEEEING.
Sigmund laughs darkly.
848 ||| FLEEEEING.
Sigmund casts a spell at you. The puff of flame hits you!
849 ||| FLEEEEING.
850 ||| FLEEEEING.
851 ||| FLEEEEING.
852 ||| FLEEEEING.
853 ||| FLEEEEING.
854 ||| FLEEEEING.
855 ||| FLEEEEING.
856 ||| FLEEEEING.
You start resting.
Sigmund is nearby!
859 ||| FLEEEEING.
860 ||| FLEEEEING.
861 ||| FLEEEEING.
862 ||| FLEEEEING.
Sigmund casts a spell.
Sigmund flickers and vanishes!
Deactivating autopickup; reactivate with Ctrl-A.
You shoot an arrow. You shoot an arrow. You shoot an arrow. You shoot an arrow.
You shoot an arrow. You shoot an arrow. Something hits you!
You are lethally poisoned!
You shoot an arrow.
You die...

##### ### #####...# ..#
#.......## #.#
#.##.....##
#.#####.#.......#
...............##
..#####.###....#
.%.........#.#.### #
....@...##......@#..
...............#...<..#
..####.................#
..# #.###.......>.....#
.## #.# #.#.##........#
.# #.# #.............#
.# #.# ###.##..#.....#
.# .#####.....##.....
.........#.....


There were no monsters in sight!

Vanquished Creatures
  A gnoll (D:1)
  2 adders (D:2)
  A ball python (D:1)
  8 bats
  2 endoplasms
  6 hobgoblins
  6 kobolds
  3 quokkas
  2 frilled lizards
  3 rats
34 creatures vanquished.

Notes
Turn   | Place    | Note
-------+----------+-------------------------------------------
     0 | D:1      | qw the Deep Elf Hunter began the quest for the Orb.
     0 | D:1      | Reached XP level 1. HP: 12/12 MP: 3/3
     0 | D:1      | 0 ||| qw: Version: 0.3-a-160-g6735b56
     0 | D:1      | 0 ||| qw: Game counter: 4493
     0 | D:1      | 0 ||| qw: Melee chars always use a shield: true
     0 | D:1      | 0 ||| qw: God list: Okawaru
     0 | D:1      | 0 ||| qw: Allow faded altars: false
     0 | D:1      | 0 ||| qw: Do Orc after clearing Dungeon:15 true
     0 | D:1      | 0 ||| qw: Do second Lair branch before Depths: true
     0 | D:1      | 0 ||| qw: Lair rune preference: random
     0 | D:1      | 0 ||| qw: Goals: Normal
     0 | D:1      | 0 ||| PLANNING D:1-11
   111 | D:1      | HP: 3/12 [frozen (5)]
   192 | D:1      | Reached XP level 2. HP: 16/16 MP: 4/4
   196 | D:1      | Reached skill level 6 in Ranged Weapons
   218 | D:1      | Found a faded altar of an unknown god.
   481 | D:1      | Reached XP level 3. HP: 20/20 MP: 5/5
   633 | D:1      | 633 ||| UPGRADING to +0 ring mail.
   643 | D:1      | 643 ||| DROPPING +0 leather armour.
   644 | D:1      | 644 ||| READING scroll labelled POUBRO COWU.
   647 | D:1      | 647 ||| READING scroll labelled KYHEUMA MOURCH.
   647 | D:1      | 647 ||| IDENTIFYING viscous coppery potion
   648 | D:1      | 648 ||| DROPPING scroll of butterflies.
   649 | D:1      | 649 ||| DROPPING potion of ambrosia.
   785 | D:2      | Reached skill level 7 in Ranged Weapons
   842 | D:2      | Noticed Sigmund
   844 | D:2      | 844 ||| FLEEEEING.
   846 | D:2      | 846 ||| FLEEEEING.
   847 | D:2      | 847 ||| FLEEEEING.
   848 | D:2      | 848 ||| FLEEEEING.
   849 | D:2      | 849 ||| FLEEEEING.
   850 | D:2      | 850 ||| FLEEEEING.
   851 | D:2      | 851 ||| FLEEEEING.
   852 | D:2      | 852 ||| FLEEEEING.
   853 | D:2      | 853 ||| FLEEEEING.
   854 | D:2      | 854 ||| FLEEEEING.
   855 | D:2      | 855 ||| FLEEEEING.
   856 | D:2      | 856 ||| FLEEEEING.
   859 | D:2      | 859 ||| FLEEEEING.
   860 | D:2      | 860 ||| FLEEEEING.
   861 | D:2      | 861 ||| FLEEEEING.
   862 | D:2      | 862 ||| FLEEEEING.
   868 | D:2      | HP: 1/20 [something (9)]
   869 | D:2      | Succumbed to Sigmund's poison

Levels and vault maps discovered:
D:1:      ldierk_walled_garden, layout_loops_cross,
          ebering_ecumenical_altar_mist, minivault_26
D:2:      layout_loops_ring, serial_shops, nicolae_shop_gibbet_a_chance,
          uniq_sigmund, uniq_crazy_yiuf_cottage

Skill      XL: |  1  2  3 |
---------------+----------+-----
Ranged Weapons | 6 7 |  7.3
Fighting       | |  1.5
Dodging        | |  2.4
Stealth        | |  1.2

Action                     || total
---------------------------++-------
   Fire: Shortbow          ||    91
    Use: Scroll            ||     2
 Armour: Leather armour    ||    16
         Ring mail         ||     7
  Dodge: Dodged            ||    10

Table legend:
 A = Non-vault XP
 B = Vault XP
 C = Vault XP percentage of total XP
 D = Non-vault monster count
 E = Vault monster count
 F = Vault count percentage of total count
                 A         B        C        D         E       F
            +---------+---------+-------+---------+---------+-------
      Total |      91 |       0 |   0.0 |      34 |       0 |   0.0
            +---------+---------+-------+---------+---------+-------
        D:1 |      51 |       0 |   0.0 |      23 |       0 |   0.0
        D:2 |      40 |       0 |   0.0 |      11 |       0 |   0.0
            +---------+---------+-------+---------+---------+-------
